 Dungeon Crawl Stone Soup version 0.26.1-11-gd32895ea62 (webtiles) character file.

Game seed: 10929519899601748951

66 Zeld the Twirler (level 4, -11/29 HPs)
             Began as an Octopode Gladiator on May 23, 2021.
             Killed from afar by Ijyb (23 damage)
             ... with a bolt of acid
             ... on level 3 of the Dungeon.
             The game lasted 00:01:01 (584 turns).

Zeld the Twirler (Octopode Gladiator)                Turns: 584, Time: 00:01:02

Health: -11/29     AC:  1    Str: 14    XL:     4   Next: 15%
Magic:  4/4        EV: 14    Int: 10    God:
Gold:   43         SH:  0    Dex: 13    Spells: 3/3 levels left

rFire    . . .     SeeInvis .   a - +0 quarterstaff
rCold    . . .     Faith    .   (shield currently unavailable)
rNeg     . . .     Spirit   .   b - +0 hat
rPois    .         Reflect  .   (no amulet)
rElec    .         Harm     .   (no ring)
rCorr    .         Rampage  .   (no ring)
Will     .....                  (no ring)
Stlth    ++........             (no ring)
HPRegen  0.09/turn              (no ring)
MPRegen  0.09/turn              (no ring)
                                (no ring)
                                (no ring)

@: lethally poisoned (-11 -> -15)
A: almost no armour, stealthy swim, amphibious, 8 rings, constrict 8, camouflage
1, gelatinous body 1
a: no special abilities


You were on level 3 of the Dungeon.
You visited 1 branch of the dungeon, and saw 3 of its levels.

You collected 43 gold pieces.

Inventory:

Hand Weapons
 a - a +0 quarterstaff (weapon)
Missiles
 c - 3 throwing nets (quivered)
 d - 4 boomerangs
Armour
 b - a +0 hat (worn)
Scrolls
 e - a scroll of remove curse {unknown}
Potions
 f - 2 potions of degeneration {unknown}


   Skills:
 - Level 2.0 Fighting
 * Level 4.9 Staves
 - Level 2.0 Throwing
 - Level 3.0 Dodging


You had 3 spell levels left.
You didn't know any spells.
Your spell library was empty.

Dungeon Overview and Level Annotations

Branches:
Dungeon (3/15)

Altars:

Portals:
Sewer: D:3

Annotations:
D:3 Ijyb


Innate Abilities, Weirdness & Mutations

You cannot wear most types of armour.
You are very stealthy in the water. (Stealth+)
You are amphibious.
You can wear up to eight rings at the same time.
You can use your tentacles to constrict eight enemies at once.
Your skin changes colour to match your surroundings (Stealth+).
Your rubbery body absorbs attacks. (AC +1, EV +1)


Message History

The ball python constricts you. The ball python closely misses you.
The ball python barely misses you. The ball python constricts you.
You thump the ball python!
You kill the ball python!
The ball python closely misses you. The ball python constricts you.
You hit the ball python. Your grab misses the ball python.
Your squeeze misses the ball python.
The ball python is moderately wounded.
The ball python bites you. The ball python constricts you.
You sock the ball python!
You kill the ball python!
You feel sick.
Ijyb screams, "Get away!"
You closely miss the rat. You grab the rat. You constrict the rat.
The rat closely misses you.
Ijyb zaps a wand.
The bolt of acid hits the rat!
The rat is splashed with acid.
The rat dies!
The bolt of acid hits you!!
Ouch! That really hurt!
You die...

############
#######..........#
........########@#
# #.#.#####
####(########..
#.#.#
#..grg(.r......
..#..
#.##...r.......
###### #
#......≈≈≈.. #####
.........≈≈≈≈≈.
.....
..........≈≈∩≈≈.
.....
..........≈≈≈≈≈.
#####
##.#..##...≈≈≈..


You could see Ijyb, a river rat and a hobgoblin.

Vanquished Creatures
  A worker ant (D:2)
  3 adders (D:3)
  A worm (D:2)
  2 dart slugs (D:3)
  2 ball pythons (D:3)
  A giant cockroach (D:3)
  A goblin (D:2)
  A bat (D:3)
  A frilled lizard (D:3)
13 creatures vanquished.

Vanquished Creatures (others)
  A goblin (D:3)
  A rat (D:3)
2 creatures vanquished.

Grand Total: 15 creatures vanquished

Notes
Turn   | Place    | Note
-------+----------+-------------------------------------------
     0 | D:1      | Zeld the Octopode Gladiator began the quest for the Orb.
     0 | D:1      | Reached XP level 1. HP: 14/14 MP: 1/1
   109 | D:2      | Noticed a worker ant
   113 | D:2      | Killed a worker ant
   114 | D:2      | Reached skill level 4 in Staves
   114 | D:2      | Reached XP level 2. HP: 15/19 MP: 2/2
   114 | D:2      | Reached XP level 3. HP: 19/24 MP: 3/3
   561 | D:3      | Found a glowing drain.
   573 | D:3      | Noticed Ijyb
   578 | D:3      | Reached XP level 4. HP: 16/29 MP: 4/4
   584 | D:3      | Killed from afar by Ijyb

Illustrated notes

Levels and vault maps discovered:
D:1:      elethiomel_arrival_shortcut, layout_loops_ring, fountainhead
D:2:      layout_basic, chequers_temple_overflow_statue_of_worship
D:3:      layout_loops_ring, fiery_altar_vehumet, portal_sewer_entry_a,
          uniq_ijyb

Skill      XL: |  1 |
---------------+----+-----
Staves         | 4 |  4.9
Fighting       | |  2.0
Throwing       | |  2.0
Dodging        | |  3.0

Action                   |  1- 3 |  4- 6 || total
-------------------------+-------+-------++-------
Melee: Quarterstaff      |    19 |     6 ||    25
       Constrict         |     6 |     2 ||     8
       Tentacles         |     4 |       ||     4
 Stab: Sleeping          |     3 |       ||     3
Dodge: Dodged            |    14 |     6 ||    20
